 Dungeon Crawl Stone Soup version 0.16-a0-119-gc74d62a (webtiles) character file.

669 Ratboiler the Slicer (level 7, 0/44 HPs)
             Began as a Kobold Berserker on Aug 12, 2014.
             Was a Priest of Trog.
             Slain by a scorpion (1 damage)
             ... in an ossuary.
             The game lasted 00:12:32 (4085 turns).

Ratboiler the Slicer (Kobold Berserker)             Turns: 4085, Time: 00:12:32

HP   0/44        AC  6     Str 16      XL: 7   Next: 89%
MP   7/7         EV 17     Int  3      God: Trog [***...]
Gold 105         SH  0     Dex 17      Spells:  0 memorised,  6 levels left

rFire  + . .     SeeInvis .     x - -2 short sword (curse)
rCold  . . .     Clarity  .     b - +1 animal skin
rNeg   . . .     rCorr    .     (no shield)
rPois  .         rRot     .     i - +2 hat
rElec  .         Spirit   .     f - +0 cloak
SustAb +         Warding  .     (no gloves)
rMut   .         Stasis   .     (no boots)
Gourm  .                        (no amulet)
MR     +....                    q - ring of sustain abilities
                                o - cursed ring of protection from magic

@: lethally poisoned, exhausted, hasted and slowed, somewhat resistant to
hostile enchantments, unstealthy
A: carnivore 3, dopey 1, fire resistance 1, evolution 1
a: Burn Spellbooks, Berserk, Trog's Hand, Renounce Religion


You were in an ossuary.
You worshipped Trog.
Trog was most pleased with you.
You were very hungry.

You visited 1 branch of the dungeon, and saw 4 of its levels.
You also visited: Ossuary.

You collected 105 gold pieces.

Inventory:

Hand weapons
 a - a cursed +0 short sword
 u - a +0 cutlass
 x - a cursed -2 short sword (weapon)
Missiles
 h - 20 poisoned needles
 k - 2 curare-tipped needles
Armour
 b - a +1 animal skin (worn)
 f - a +0 cloak (worn)
 i - a +2 hat (worn)
 s - a +0 buckler
Comestibles
 c - 3 meat rations
 v - a beef jerky
Scrolls
 g - a scroll of enchant armour
 m - a scroll of random uselessness {unknown}
 t - a scroll of fear
 w - a scroll of fog {unknown}
 y - a scroll of magic mapping {unknown}
Jewellery
 o - a cursed ring of protection from magic (left hand)
 q - a ring of sustain abilities (right hand)
 z - an uncursed ring of fire
Potions
 j - a potion of brilliance
 l - a potion of agility {unknown}
 r - a potion of resistance {unknown}
 A - a potion of magic {unknown}


   Skills:
 + Level 5.0 Fighting
 * Level 8.0 Short Blades
 + Level 3.2 Armour
 + Level 4.8 Dodging


You had 6 spell levels left.
You didn't know any spells.

Dungeon Overview and Level Annotations

Branches:
Dungeon (4/15)
 Temple: D:4-7

Altars:


Innate Abilities, Weirdness & Mutations

You are small and have problems with some larger weapons.
You are carnivorous and can eat meat at any time.
You are dopey. (Int -2)
Your flesh is heat resistant.
You evolve.


Message History

You closely miss the scorpion.
The scorpion is heavily wounded.
The scorpion stings you but does no damage.
You hit the scorpion but do no damage.
The scorpion is heavily wounded.
The scorpion barely misses you.
You completely miss the scorpion.
The scorpion is heavily wounded.
The scorpion stings you!
* * * LOW HITPOINT WARNING * * *
You are lethally poisoned!
The scorpion poisons you!
* * * LOW HITPOINT WARNING * * *
You feel sick.
The scorpion stings you but does no damage.
Drink which item? (? for menu, Esc to quit)
You feel yourself speed up.
It was a potion of haste.
* * * LOW HITPOINT WARNING * * *
You feel sick. The scorpion stings you.
You die...

#########################
#.....#.....#...#?.?#...#
#.....#.....'.^.#M.!'...#
#.....8.....#...#M?.#...#
#...........##'#######'##
#...........#...#...#...#
###8.....8###.@.#...8...#
#...........#.ss#...Z...#
#...........##'###8...8##
#.....8.....#..^#.......#
#.....#.....#...'...8...#
#.....#.....#...#...#...#
##'#######'###########+##
#...#...#...#...#...#
#...'...#.^.'...8...#


You could see 2 scorpions.

Vanquished Creatures
  The ghost of Poody the Poker, an average MfSk (D:3)
  An ogre (D:4)
  3 scorpions (Ossuary)
  2 centaur zombies (Ossuary)
  A human zombie (Ossuary)
  A big kobold zombie (Ossuary)
  2 mummies (Ossuary)
  A hound skeleton (D:4)
  A scorpion zombie (Ossuary)
  6 adders
  5 worms
  3 giant geckos (D:1)
  A giant cockroach (D:2)
  7 goblins
  7 hobgoblins
  An ooze (D:1)
  3 ball pythons
  7 bats
  A giant newt (D:1)
  4 gnoll zombies (Ossuary)
  A goblin zombie (Ossuary)
  A hobgoblin zombie (Ossuary)
  7 kobolds
  A kobold zombie (Ossuary)
  3 orc zombies (Ossuary)
  2 quokkas
  2 quokka zombies (D:4)
  11 rats
86 creatures vanquished.

Vanquished Creatures (others)
  A mummy (Ossuary)
1 creature vanquished.

Grand Total: 87 creatures vanquished

Notes
Turn   | Place    | Note
--------------------------------------------------------------
     0 | D:1      | Ratboiler, the Kobold Berserker, began the quest for the Orb.
     0 | D:1      | Reached XP level 1. HP: 14/14 MP: 1/1
   397 | D:1      | Reached XP level 2. HP: 19/19 MP: 2/2
   799 | D:1      | Reached XP level 3. HP: 7/23 MP: 3/3
  1043 | D:1      | Acquired Trog's second power
  1478 | D:2      | Reached skill level 5 in Short Blades
  1478 | D:2      | Reached XP level 4. HP: 20/28 MP: 4/4
  2125 | D:3      | Noticed Poody's ghost (average MfSk)
  2136 | D:3      | Killed Poody's ghost
  2136 | D:3      | Reached skill level 6 in Short Blades
  2136 | D:3      | Reached XP level 5. HP: 33/33 MP: 5/5
  2136 | D:3      | Reached XP level 6. HP: 38/38 MP: 6/6
  3121 | D:4      | Reached skill level 7 in Short Blades
  3301 | D:4      | Found a sand-covered staircase.
  3347 | Ossuary  | Entered an ossuary
  3388 | Ossuary  | Reached XP level 7. HP: 24/44 MP: 7/7
  4035 | Ossuary  | Reached skill level 5 in Fighting
  4040 | Ossuary  | Reached skill level 8 in Short Blades
  4074 | Ossuary  | Gained mutation: You evolve. [potion of mutation]
  4074 | Ossuary  | Gained mutation: Your flesh is heat resistant. [potion of mutation]
  4074 | Ossuary  | Gained mutation: You are dopey. (Int -2) [potion of mutation]
  4084 | Ossuary  | HP: 2/44 [poisoned by a scorpion]
  4085 | Ossuary  | Slain by a scorpion

Action                   |  1- 3 |  4- 6 |  7- 9 || total
-------------------------+-------+-------+-------++-------
Melee: Short sword       |   134 |   166 |   192 ||   492
       Cutlass           |       |    53 |       ||    53
Invok: Berserk           |       |     3 |     4 ||     7
       Trog's Hand       |       |       |     1 ||     1
  Use: Scroll            |     5 |     3 |     2 ||    10
       Potion            |       |       |     6 ||     6
 Stab: Sleeping          |     3 |       |       ||     3
  Eat: Chunk             |     6 |    11 |       ||    17
